 Dungeon Crawl Stone Soup version 0.31-a0-174-g85c54bcb58 (webtiles) character file.

Game seed: 5874201538855392856

89 qw the Chopper (level 4, -5/28 HPs)
             Began as a Gargoyle Fighter on June 15, 2023.
             Killed by divine providence
             ... invoked by an orc priest
              (10 damage)
             ... on level 3 of the Dungeon.
             The game lasted 00:00:53 (1657 turns).

qw the Chopper (Gargoyle Fighter)                   Turns: 1657, Time: 00:00:54

Health: -5/28      AC: 13    Str: 22    XL:     4   Next: 55%
Magic:  4/4        EV:  9    Int: 11    God:
Gold:   118        SH:  5    Dex: 15    Spells: 3/3 levels left

rFire   . . .        Y - +0 war axe
rCold   . . .        c - +0 buckler
rNeg    + . .        b - +0 scale mail
rPois   inf          f - +2 helmet {Int+3}
rElec   +            (no cloak)
rCorr   .            (no gloves)
SInv    .            (no boots)
Will    .....        (no amulet) Stlth
                     h - +6 ring of dexterity
HPRegen 0.24/turn    (no ring)
MPRegen 0.09/turn

%: no passive effects
@: no status effects
A: sickness immunity, AC +3, negative energy resistance 1, electricity
resistance, torment resistance 1, petrification resistance
a: no special abilities


You were on level 3 of the Dungeon.
You visited 1 branch of the dungeon, and saw 3 of its levels.

You collected 118 gold pieces.


Innate Abilities, Weirdness & Mutations

You are immune to sickness and miasma.
Your stone body is resilient. (AC +3)
You are immune to poison.
You resist negative energy. (rN+)
You are resistant to electric shocks. (rElec)
You are resistant to unholy torment.
You are immune to petrification.


   Skills:
 - Level 3.2 Fighting
 - Level 4.0 Axes
 - Level 3.2 Armour
 + Level 0.7 Dodging
 - Level 3.2 Shields


You had 3 spell levels left.
You didn't know any spells.
Your spell library was empty.

Inventory:

Hand Weapons
 k - a +1 whip of electrocution
 Y - a +0 war axe (weapon)
Armour
 b - a +0 scale mail (worn)
 c - a +0 buckler (worn)
 f - a +2 helmet of intelligence (worn)
Jewellery
 a - a ring of ice
 h - a +6 ring of dexterity (left hand)
Potions
 d - 2 potions of might
 e - a potion of ambrosia {unknown}
 g - a potion of curing
 i - a potion of brilliance {unknown}
 j - a potion of magic {unknown}
 l - a potion of haste {unknown}

Dungeon Overview and Level Annotations

Branches:
Dungeon (3/15)

Altars:
Fedhas


Message History

You kill the orc!
You hit the orc priest but do no damage.
The orc priest hits you but does no damage.
You barely miss the orc priest.
The orc priest is lightly wounded.
The orc priest calls down the wrath of Beogh upon you.
Pain shoots through your body!
The orc priest hits you with a +0 short sword.
You hit the orc priest but do no damage.
The orc priest is lightly wounded.
The orc priest hits you with a +0 short sword.
You closely miss the orc priest.
The orc priest is lightly wounded.
The orc priest hits you but does no damage.
You barely miss the orc priest.
The orc priest is lightly wounded.
The orc priest hits you but does no damage.
The orc priest barely misses you.
You closely miss the orc priest.
The orc priest is lightly wounded.
The orc priest hits you with a +0 short sword.
You closely miss the orc priest.
The orc priest is lightly wounded.
The orc priest hits you with a +0 short sword.
You slash the orc priest!
The orc priest is almost dead.
The orc priest invokes the aid of Beogh against you.
Beogh smites you! You block the orc priest's attack.
You hit the orc priest but do no damage.
The orc priest is almost dead.
The orc priest closely misses you.
You hit the orc priest.
The orc priest is almost dead.
The orc priest hits you but does no damage.
You closely miss the orc priest.
The orc priest is almost dead.
The orc priest hits you but does no damage.
The orc priest calls down the wrath of Beogh upon you.
Beogh smites you!
You die...

## .># #########.#
#.....?...# #.........#
#.........#
#......)..###
#.....)@....#
#.....o....###### #
#.........))...^########
#.........)#....##...%..
###....#...#.......#####
##+####.##.....###
#.##...### #.##...#
#.##..##


You could see an orc priest.

Vanquished Creatures
  Robin (D:2)
  An adder (D:2)
  A worm (D:2)
  A dart slug (D:1)
  3 orcs (D:3)
  5 bats
  4 endoplasms
  2 giant cockroaches (D:1)
  6 hobgoblins
  4 jackals (D:3)
  3 ball pythons
  2 frilled lizards
  16 goblins
  3 kobolds
  4 rats (D:2)
56 creatures vanquished.

Notes
Turn   | Place    | Note
-------+----------+-------------------------------------------
     0 | D:1      | qw the Gargoyle Fighter began the quest for the Orb.
     0 | D:1      | Reached XP level 1. HP: 14/14 MP: 1/1
     0 | D:1      | 0 ||| qw: Version: 0.2-a-29-g511e9b1
     0 | D:1      | 0 ||| qw: Game counter: 5560
     0 | D:1      | 0 ||| qw: Always use a shield: true
     0 | D:1      | 0 ||| qw: God list: Okawaru
     0 | D:1      | 0 ||| qw: Allow faded altars: false
     0 | D:1      | 0 ||| qw: Do Orc after D:15 true
     0 | D:1      | 0 ||| qw: Do second Lair branch before Depths: true
     0 | D:1      | 0 ||| qw: Lair rune preference: random
     0 | D:1      | 0 ||| qw: Plans: Normal, Zot:1-4, Slime:5, God:TSO, Crypt,
                  | Tomb, Abyss, Pan, Hells, Win
     0 | D:1      | 0 ||| PLANNING D:1-11
    45 | D:1      | 45 ||| Stepping ~*~*~tactically~*~*~ (hiding).
    50 | D:1      | Reached skill level 2 in Axes
   264 | D:1      | Found a faded altar of an unknown god.
   311 | D:1      | 311 ||| Stepping ~*~*~tactically~*~*~ (hiding).
   321 | D:1      | Reached XP level 2. HP: 19/19 MP: 2/2
   702 | D:1      | 702 ||| READING scroll labelled TOIR CIELYADD.
   703 | D:1      | 703 ||| READING scroll labelled MUNABI IGINI.
   704 | D:1      | 704 ||| READING scroll labelled XIRHITISUXI.
   808 | D:2      | Reached skill level 3 in Axes
   820 | D:2      | Reached XP level 3. HP: 19/23 MP: 3/3
   902 | D:2      | 902 ||| Stepping ~*~*~tactically~*~*~ (stealth).
   904 | D:2      | 904 ||| Stepping ~*~*~tactically~*~*~ (stealth).
   908 | D:2      | 908 ||| Stepping ~*~*~tactically~*~*~ (hiding).
   923 | D:2      | Noticed Robin
   925 | D:2      | 925 ||| Stepping ~*~*~tactically~*~*~ (hiding).
   951 | D:2      | Killed Robin
   952 | D:2      | Reached XP level 4. HP: 14/28 MP: 4/4
  1182 | D:2      | Identified the +1 robe of Servitude {rPois rF+ Int+6}
  1183 | D:2      | 1183 ||| Stepping ~*~*~tactically~*~*~ (stealth).
  1196 | D:2      | 1196 ||| DROPPING +0 club.
  1242 | D:2      | Reached skill level 4 in Axes
  1509 | D:2      | 1509 ||| UPGRADING to +2 helmet of intelligence.
  1514 | D:2      | 1514 ||| UPGRADING to +6 ring of dexterity.
  1515 | D:2      | 1515 ||| READING scroll labelled LUNYLO LOMY.
  1516 | D:2      | 1516 ||| READING scroll labelled DIAFEUH VAVO.
  1547 | D:3      | Found a blossoming altar of Fedhas.
  1654 | D:3      | HP: 4/28 [orc priest/divine providence (11)]
  1657 | D:3      | Killed from afar by an orc priest

Levels and vault maps discovered:
D:1:      wander_arrival_estate, layout_basic,
          dreamdust_ecumenical_altar_angels_and_demons, minivault_24,
          minmay_misc_feat_hallway
D:2:      layout_loops_ring, st_stairs_10, uniq_robin
D:3:      layout_basic, general_overflow_altar,
          chequers_temple_overflow_minitemple, kennysheep_ying_yang,
          nicolae_gozag_cash_rules_everything_around_me

Skill      XL: |  1  2  3  4 |
---------------+-------------+-----
Axes           | 2 3 4 |  4.0
Fighting       | |  3.2
Armour         | |  3.2
Dodging        | |  0.7
Shields        | |  3.2

Action                     |  1- 3 |  4- 6 || total
---------------------------+-------+-------++-------
  Melee: War axe           |    82 |    58 ||   140
    Use: Scroll            |     3 |     2 ||     5
 Armour: Scale mail        |    34 |    26 ||    60
  Dodge: Dodged            |    26 |    20 ||    46
  Block: Buckler           |    13 |    11 ||    24

Table legend:
 A = Non-vault XP
 B = Vault XP
 C = Vault XP percentage of total XP
 D = Non-vault monster count
 E = Vault monster count
 F = Vault count percentage of total count
                 A         B        C        D         E       F
            +---------+---------+-------+---------+---------+-------
      Total |      88 |      40 |  31.2 |      42 |      14 |  25.0
            +---------+---------+-------+---------+---------+-------
        D:1 |      28 |       0 |   0.0 |      16 |       0 |   0.0
        D:2 |      40 |      40 |  50.0 |      17 |      14 |  45.2
        D:3 |      20 |       0 |   0.0 |       9 |       0 |   0.0
            +---------+---------+-------+---------+---------+-------
